 Dungeon Crawl Stone Soup version 0.30.1-11-g7821555f0a (webtiles) character file.

Game seed: 14770421028144598126

661 eliilek the Covered (level 7, 0/61 HPs)
             Began as a Minotaur Fighter on Dec 18, 2023.
             Was a Follower of Trog.
             Slain by an orc wizard
             ... wielding a +2 dagger of speed
              (3 damage)
             ... on level 5 of the Dungeon on Dec 20, 2023.
             The game lasted 00:09:32 (3105 turns).

eliilek the Covered (Minotaur Fighter)              Turns: 3105, Time: 00:09:33

Health: 0/61       AC: 15    Str: 20    XL:     7   Next: 30%
Magic:  6/6        EV:  7    Int:  5    God:    Trog [*.....]
Gold:   253        SH:  0    Dex: 12    Spells: 6/6 levels left

rFire   . . .        a - +0 flail
rCold   . . .        c - +0 buckler
rNeg    . . .        i - +0 plate armour
rPois   .            (helmet restricted)
rElec   .            (no cloak)
rCorr   .            w - +0 pair of gloves
SInv    .            g - +0 pair of boots
Will    .....        (no amulet) Stlth
                     q - ring of flight
HPRegen 0.30/turn    (no ring)
MPRegen 0.10/turn

%: no passive effects
@: confused, on berserk cooldown, flying, slowed, very slow
A: horns 2, retaliatory headbutt
a: Renounce Religion, Berserk


You were on level 5 of the Dungeon.
You worshipped Trog.
Trog was aware of your devotion.
You visited 1 branch of the dungeon, and saw 5 of its levels.

You collected 253 gold pieces.

Inventory:

Hand Weapons
 a - a +0 flail (weapon)
 b - a +0 sling
Missiles
 r - 9 poisoned darts
Armour
 c - a +0 buckler (worn)
 g - a +0 pair of boots (worn)
 i - a +0 plate armour (worn)
 w - a +0 pair of gloves (worn)
Jewellery
 q - a ring of flight (left hand)
Wands
 u - a wand of polymorph (1)
Scrolls
 e - 2 scrolls of enchant armour {unknown}
 f - 3 scrolls of identify {unknown}
 h - a scroll of magic mapping {unknown}
 j - 2 scrolls of noise {unknown}
 k - a scroll of poison {unknown}
 l - 2 scrolls of teleportation
 m - a scroll of enchant weapon {unknown}
 o - 2 scrolls of amnesia {unknown}
 t - a scroll of immolation {unknown}
 v - 2 scrolls of fog {unknown}
Potions
 d - 3 potions of might
 n - a potion of degeneration {unknown}
 p - a potion of resistance {unknown}
 s - a potion of mutation {unknown}


   Skills:
 + Level 5.5 Fighting
 - Level 2.4 Maces & Flails
 * Level 7.0 Armour
 + Level 3.7 Dodging
 + Level 5.5 Shields


You had 6 spell levels left.
You didn't know any spells.
Your spell library contained the following spells:

 Spells                   Type           Power      Damage    Failure   Level
 Magic Dart               Conj           0%         1d3       100%        1
 Call Imp                 Summ           0%         N/A       100%        2
 Sublimation of Blood     Necr           0%         N/A       100%        2
 Mephitic Cloud           Conj/Pois/Air  0%         N/A       100%        3
 Petrify                  Tmut/Erth      0%         N/A       100%        4
 Irradiate                Conj/Tmut      0%         3d11      100%        5


Dungeon Overview and Level Annotations

Branches:
Dungeon (5/15)             Temple (0/1) D:4

Altars:
Qazlal
Ru
Trog

Shops:
D:5 ?


Innate Abilities, Weirdness & Mutations

You have a pair of horns on your head.
You reflexively headbutt those who attack you in melee.


Message History

The puff of flame hits you!
The black bear bites you but does no damage.
The black bear claws you but does no damage. x2
Something hits you.
* * * LOW HITPOINT WARNING * * *
You hear some strange, mumbled words.
A magic dart appears from out of thin air!
The magic dart hits you but does no damage.
You closely miss something. The black bear barely misses you.
The black bear claws you.
* * * LOW HITPOINT WARNING * * *
The black bear claws you but does no damage.
Something hits you but does no damage. Something hits you.
* * * LOW HITPOINT WARNING * * *
The black bear bites you but does no damage.
The black bear claws you but does no damage.
The black bear claws you.
* * * LOW HITPOINT WARNING * * *
Something hits you but does no damage. x2
Unknown command.
Something hits you but does no damage. x2
A magic dart appears from out of thin air!
The magic dart hits you.
* * * LOW HITPOINT WARNING * * *
The black bear bites you but does no damage.
The black bear barely misses you.
The black bear claws you but does no damage.
Unknown command.
You completely miss something.
The black bear bites you but does no damage.
The black bear claws you but does no damage.
The black bear closely misses you. Something hits you.
* * * LOW HITPOINT WARNING * * *
Something hits you but does no damage.
The black bear bites you but does no damage.
The black bear claws you but does no damage.
The black bear closely misses you. Something hits you.
* * * LOW HITPOINT WARNING * * *
Something hits you.
You die...

#...###......# ..
##### #.####.#
#..###.# ##...#.#
#......##
#.......##
#........##
#....{{h..##
#...[.@#...# ...
#........<## ...
#........).......
...
#.......##...###.
... #......##
..... o. #......#
#...... .
#...##### ####..
#.## .


You could see a black bear.

Vanquished Creatures
  Edmund (D:5)
  An ice beast (D:5)
  A scorpion (D:5)
  A howler monkey (D:5)
  4 hounds
  A jelly (D:5)
  An iguana (D:5)
  A sleepcap (D:4)
  Robin (D:3)
  4 adders
  A gnoll (D:5)
  3 worms
  7 dart slugs
  7 orcs
  8 endoplasms
  A giant cockroach (D:4)
  14 goblins
  7 hobgoblins
  3 jackals (D:4)
  A quokka (D:4)
  7 ball pythons
  5 bats
  4 frilled lizards
  6 kobolds
  2 rats
92 creatures vanquished.

Notes
Turn   | Place    | Note
-------+----------+-------------------------------------------
     0 | D:1      | eliilek the Minotaur Fighter began the quest for the Orb.
     0 | D:1      | Reached XP level 1. HP: 19/19 MP: 0/0
   130 | D:1      | Reached XP level 2. HP: 27/27 MP: 1/1
   150 | D:1      | Reached skill level 4 in Armour
   308 | D:1      | Found a faded altar of an unknown god.
   317 | D:1      | Reached skill level 1 in Dodging
   743 | D:2      | Reached XP level 3. HP: 33/33 MP: 2/2
  1145 | D:3      | Noticed Robin
  1157 | D:3      | Killed Robin
  1158 | D:3      | Reached XP level 4. HP: 25/40 MP: 3/3
  1697 | D:3      | Found a bloodstained altar of Trog.
  1704 | D:3      | Became a worshipper of Trog the Wrathful
  1903 | D:4      | Found a stormy altar of Qazlal.
  1916 | D:4      | Reached skill level 5 in Armour
  1956 | D:4      | Reached XP level 5. HP: 47/47 MP: 4/4
  1963 | D:4      | Found a sacrificial altar of Ru.
  2270 | D:4      | Found a staircase to the Ecumenical Temple.
  2546 | D:5      | Entered Level 5 of the Dungeon
  2556 | D:5      | Found Gemehuut's Magic Scroll Shop.
  2563 | D:5      | Reached XP level 6. HP: 54/55 MP: 5/5
  2570 | D:5      | Reached skill level 6 in Armour
  2622 | D:5      | Noticed an ice beast
  2633 | D:5      | Killed an ice beast
  2634 | D:5      | Reached skill level 5 in Fighting
  2634 | D:5      | Reached skill level 5 in Shields
  2686 | D:5      | Noticed Edmund
  2695 | D:5      | Killed Edmund
  2883 | D:5      | Reached XP level 7. HP: 47/61 MP: 6/6
  2984 | D:5      | Reached * piety under Trog
  3014 | D:5      | Reached skill level 7 in Armour
  3105 | D:5      | HP: 3/61 [something (2)]
  3105 | D:5      | Slain by an orc wizard

Illustrated notes

Levels and vault maps discovered:
D:1:      amcnicky_arrival_wind_blow, layout_basic, basic_ecumenical_altar
D:2:      layout_rooms
D:3:      layout_basic, bloody_trog, uniq_robin
D:4:      layout_gridville, mainiacjoe_overflow_small_starburst,
          nicolae_qazlal_general_emergency, minmay_temple_entry_glassed_door
D:5:      layout_rooms, beargit_hepliaklqana_dungeon_heroes, serial_shops, shop,
          ebering_ghost_inner_flame, uniq_crazy_yiuf_cottage, uniq_edmund

Skill      XL: |  1  2  3  4  5  6  7 |
---------------+----------------------+-----
Armour         | 4 5 6 7 |  7.0
Dodging        | 1 2 3 |  3.7
Fighting       | 4 5 |  5.5
Shields        | 4 5 |  5.5
Maces & Flails | |  2.4

Action                     |  1- 3 |  4- 6 |  7- 9 || total
---------------------------+-------+-------+-------++-------
  Melee: Flail             |    75 |    87 |    41 ||   203
         Headbutt          |    13 |    12 |     5 ||    30
   Fire: Sling             |    26 |    66 |     5 ||    97
 Invoke: Berserk           |       |       |     1 ||     1
    Use: Potion            |     1 |     1 |       ||     2
         Scroll            |       |     1 |       ||     1
 Armour: Scale mail        |    11 |       |       ||    11
         Plate armour      |    63 |    55 |    91 ||   209
  Dodge: Dodged            |    35 |    26 |    37 ||    98
  Block: Buckler           |    29 |    20 |    13 ||    62
